 Dungeon Crawl Stone Soup version 0.21.0 (webtiles) character file.

8845 Blackhawk the Grappler (level 11, -6/93 HPs)
             Began as a Troll Berserker on Mar 22, 2018.
             Was a High Priest of Trog.
             Mangled by a yak (10 damage)
             ... on level 9 of the Dungeon on May 21, 2018.
             The game lasted 00:24:56 (7387 turns).

Blackhawk the Grappler (Troll Berserker)            Turns: 7387, Time: 00:24:57

Health: -6/93      AC: 11    Str: 35    XL:     11   Next: 15%
Magic:  10/10      EV: 12    Int:  6    God:    Trog [*****.]
Gold:   623        SH:  0    Dex: 11    Spells: 10/10 levels left

rFire    + . .     SeeInvis .     - Unarmed
rCold    . . .     Gourm    +   (no shield)
rNeg     . . .     Faith    .   E - +1 troll leather armour
rPois    .         Spirit   .   s - +1 hat
rElec    .         Reflect  .   (no cloak)
rCorr    .         Harm     .   (gloves unavailable)
MR       .....                  (boots unavailable)
Stlth    +.........             C - amulet of Soypp {RegenMP rF+ Int+3}
HPRegen  1.05/turn              j - +5 ring of strength
MPRegen  0.37/turn              e - +2 ring of protection

@: berserk cooldown, slowed, very slow
A: large, unfitting armour, claws 3, agile 1, fast metabolism 3, frail 1,
gourmand, regeneration 1, shaggy fur 1, tough skin 2
a: Berserk, Trog's Hand, Brothers in Arms, Burn Spellbooks, Renounce Religion


You were on level 9 of the Dungeon.
You worshipped Trog.
Trog was extremely pleased with you.
You were very full.

You visited 1 branch of the dungeon, and saw 10 of its levels.

You collected 623 gold pieces.

Inventory:

Armour
 a - a +0 animal skin
 s - a +1 hat (worn)
 E - a +1 troll leather armour (worn)
Jewellery
 e - a +2 ring of protection (right claw)
 j - a +5 ring of strength (left claw)
 C - the amulet of Soypp (around neck) {RegenMP rF+ Int+3}
   (You found it on level 5 of the Dungeon)

   [amulet of magic regeneration]

   It increases your magic regeneration.
   It affects your intelligence (+3).
   It protects you from fire.
Wands
 m - a wand of scattershot (4)
 p - a wand of enslavement (25)
 x - a wand of polymorph (12)
 J - a wand of iceblast (9)
Scrolls
 d - 7 scrolls of identify
 g - 2 scrolls of blinking
 i - 2 scrolls of fog
 k - a scroll of noise {unknown}
 l - 6 scrolls of teleportation
 n - a scroll of immolation {unknown}
 o - a scroll of amnesia
 q - 2 scrolls of enchant weapon
 t - 2 scrolls of enchant armour
 y - 2 scrolls of fear
 A - a scroll of remove curse
 F - a scroll of brand weapon {unknown}
 I - a scroll of magic mapping {unknown}
Potions
 c - a potion of magic
 h - 2 potions of mutation
 r - a potion of agility
 v - a potion of ambrosia
 z - 2 potions of degeneration
 D - a potion of haste
Books
 w - a book of Minor Magic

   Spells                             Type                      Level
   a - Magic Dart                     Conjuration                  1
   b - Blink                          Translocation                2
   c - Call Imp                       Summoning                    2
   d - Slow                           Hexes                        2
   e - Conjure Flame                  Conjuration/Fire             3
   f - Mephitic Cloud                 Conjuration/Poison/Air       3
   Trog disapproves of the use of such an item.
 B - a book of Misfortune

   Spells                             Type                      Level
   a - Confusing Touch                Hexes                        1
   b - Confuse                        Hexes                        3
   c - Gell's Gravitas                Translocation                3
   d - Petrify                        Transmutation/Earth          4
   e - Metabolic Englaciation         Hexes/Ice                    5
   f - Yara's Violent Unravelling     Hexes/Transmutation          5
   Trog disapproves of the use of such an item.
 G - a book of Minor Magic

   Spells                             Type                      Level
   a - Magic Dart                     Conjuration                  1
   b - Blink                          Translocation                2
   c - Call Imp                       Summoning                    2
   d - Slow                           Hexes                        2
   e - Conjure Flame                  Conjuration/Fire             3
   f - Mephitic Cloud                 Conjuration/Poison/Air       3
   Trog disapproves of the use of such an item.
Comestibles
 b - 16 rations
 H - 3 chunks of flesh


   Skills:
 + Level 5.5 Fighting
 + Level 3.2 Armour
 - Level 6.3 Dodging
 + Level 13.9 Unarmed Combat


You had 10 spell levels left.
You didn't know any spells.

Dungeon Overview and Level Annotations

Branches:
Dungeon (10/15)            Temple (0/1) D:4             Orc (0/2) D:9
   Lair: D:8-11

Altars:
Ashenzari
Dithmenos
Elyvilon
Gozag
Hepliaklqana
Makhleb
Nemelex Xobeh
Qazlal
Uskayaw
Wu Jian
Yredelemnul

Shops:
D:9 (

Annotations:
D:8 2 transporters


Innate Abilities, Weirdness & Mutations

You are too large for most types of armour.
You have claws for hands.
Your metabolism is lightning-fast.
You like to eat raw meat.
Your natural rate of healing is unusually fast.
You are covered in fur. (AC +1)
You have very tough skin. (AC +2)
You are agile. (Dex +2)
You are frail. (-10% HP)


Message History

The yak gores you!
* * * LOW HITPOINT WARNING * * *
The yak gores you but does no damage.
You feel better. The yak barely misses you.
The yak gores you but does no damage. The yak closely misses you.
You scratch the yak but do no damage. The yak gores you.
* * * LOW HITPOINT WARNING * * *
The yak closely misses you.
You closely miss the yak. The yak gores you!
* * * LOW HITPOINT WARNING * * *
The yak gores you!
* * * LOW HITPOINT WARNING * * *
You scratch the yak.
The yak is lightly wounded.
The yak gores you but does no damage. x2
You eviscerate the yak!!!
You kill the yak!
Trog accepts your kill. The yak gores you!
You die...

............#...##..)#####...#...
P8P.8..#....(....#.8(.([)..8.'...
......##....######...#####...#...
#.#.###.....## ####[#'###'####...
#...#....#...###.##.##...## #.##
###..............##.##.>.# #.#
#...####..##..#.###.##..)## #.#
..#.# #..>†..#..##.#'###)####.#
###.# ##.##....@#...## ##)..#.##
# #.# #.#....Y...8.# #.8.....
#.#####...######...# #.(.#.#.
###.##.....#####.#'#### #####.#.
.......##.####...#....########.##
#.#######......####..........#.##
..# #.###### #.#.....#..#... ..#
#.# #......###..... ..### ###
#..##..###..##.


You could see a yak.

Vanquished Creatures
  Erica (D:7)
  A two-headed ogre (D:8)
  Pikel (D:7)
  3 centaur zombies (D:9)
  A centaur skeleton (D:9)
  2 hellwings (D:9)
  A troll (D:6)
  A meliai zombie (D:9)
  9 yaks
  A spriggan (D:8)
  An orc warrior (D:6)
  Duvessa (D:5)
  2 ice beasts
  5 phantoms
  A black bear (D:6)
  A necrophage (D:6)
  An ogre (D:6)
  2 centaurs
  A big kobold (D:7)
  4 bullfrogs
  A wyvern zombie (D:9)
  Dowan (D:5)
  A wyvern skeleton (D:9)
  4 scorpions
  5 killer bees
  A crimson imp (D:6)
  2 bullfrog zombies
  4 hounds
  7 orc priests
  A jelly (D:6)
  2 bullfrog skeletons
  11 orc wizards
  2 iguanas
  8 worker ants
  A killer bee zombie (D:6)
  7 adders
  3 gnolls (D:7)
  8 shadow imps
  An ooze (D:1)
  An adder skeleton (D:4)
  A worm (D:3)
  A dart slug (D:3)
  3 leopard geckos
  59 orcs
  A ball python (D:3)
  8 bats
  4 giant cockroaches
  8 goblins
  7 hobgoblins
  2 jackals (D:7)
  5 quokkas
  3 frilled lizards
  2 jackal zombies
  11 kobolds
  7 rats
233 creatures vanquished.

Vanquished Creatures (others)
  An ogre (D:7)
  An orc (D:7)
2 creatures vanquished.

Grand Total: 235 creatures vanquished

Notes
Turn   | Place    | Note
-------+----------+-------------------------------------------
     0 | D:1      | Blackhawk the Troll Berserker began the quest for the Orb.
     0 | D:1      | Reached XP level 1. HP: 22/22 MP: 0/0
   192 | D:1      | Reached XP level 2. HP: 29/29 MP: 1/1
   799 | D:2      | Reached XP level 3. HP: 33/36 MP: 2/2
   927 | D:2      | Reached ** piety under Trog
   960 | D:2      | Found a sparkling altar of Nemelex Xobeh.
  1369 | D:3      | Reached skill level 4 in Unarmed Combat
  1388 | D:3      | Reached XP level 4. HP: 44/44 MP: 3/3
  1768 | D:3      | Found a hazy altar of Hepliaklqana.
  1768 | D:3      | Found an ornate altar of the Wu Jian Council.
  1839 | D:3      | Found a white marble altar of Elyvilon.
  1905 | D:4      | Reached XP level 5. HP: 45/53 MP: 4/4
  1935 | D:4      | Reached *** piety under Trog
  1935 | D:4      | Reached skill level 5 in Unarmed Combat
  2015 | D:4      | Noticed an ice beast
  2024 | D:4      | Killed an ice beast
  2024 | D:4      | Reached XP level 6. HP: 50/61 MP: 5/5
  2033 | D:4      | Reached skill level 6 in Unarmed Combat
  2161 | D:4      | Reached XP level 7. HP: 63/67 MP: 6/6
  2184 | D:4      | Found a staircase to the Ecumenical Temple.
  2240 | D:4      | Reached skill level 7 in Unarmed Combat
  2437 | D:4      | Found a stormy altar of Qazlal.
  2635 | D:5      | Entered Level 5 of the Dungeon
  2765 | D:5      | Reached skill level 8 in Unarmed Combat
  2780 | D:5      | Reached XP level 8. HP: 37/75 MP: 7/7
  2812 | D:5      | Reached **** piety under Trog
  2841 | D:5      | Found a shattered altar of Ashenzari.
  2930 | D:5      | Noticed Duvessa
  2933 | D:5      | Noticed Dowan
  2936 | D:5      | Killed Duvessa
  2942 | D:5      | Killed Dowan
  3056 | D:5      | Reached skill level 9 in Unarmed Combat
  3234 | D:5      | Got a scorched ruby amulet
  3359 | D:6      | Noticed a troll
  3366 | D:6      | Killed a troll
  3366 | D:6      | Reached skill level 5 in Dodging
  3380 | D:6      | Found an opulent altar of Gozag.
  3521 | D:6      | Reached skill level 10 in Unarmed Combat
  3648 | D:6      | Reached XP level 9. HP: 72/84 MP: 8/8
  3763 | D:6      | Found a burning altar of Makhleb.
  3763 | D:6      | Found a hide-covered altar of Uskayaw.
  4033 | D:6      | Gained mutation: Your magical capacity is low. (-10% MP) [potion of mutation]
  4033 | D:6      | Lost mutation: Your magical capacity is low. (-10% MP) [potion of mutation]
  4033 | D:6      | Gained mutation: You are frail. (-10% HP) [potion of mutation]
  4033 | D:6      | Gained mutation: You are agile. (Dex +2) [potion of mutation]
  4041 | D:6      | Lost intelligence.
  4933 | D:7      | Lost intelligence.
  5045 | D:7      | Noticed Pikel
  5055 | D:7      | Killed Pikel
  5055 | D:7      | Reached skill level 11 in Unarmed Combat
  5615 | D:7      | Identified the amulet of Soypp {RegenMP rF+ Int+3} (You found it on level 5 of the Dungeon)
  5666 | D:8      | Noticed a two-headed ogre
  5676 | D:8      | Killed a two-headed ogre
  5691 | D:8      | Noticed Erica
  5721 | D:7      | Killed Erica
  5721 | D:7      | Reached skill level 12 in Unarmed Combat
  5721 | D:7      | Reached XP level 10. HP: 50/84 MP: 9/9
  5823 | D:8      | Found a transporter.
  6019 | D:8      | Found a transporter.
  6128 | D:8      | Reached skill level 1 in Armour
  6388 | D:9      | Reached ***** piety under Trog
  6538 | D:9      | Reached skill level 5 in Fighting
  6544 | D:9      | Reached skill level 13 in Unarmed Combat
  6561 | D:9      | Found a staircase to the Orcish Mines.
  6755 | D:9      | Found a shadowy altar of Dithmenos.
  7102 | D:9      | Found a basalt altar of Yredelemnul.
  7128 | D:9      | Found Ekaur's Antique Weapon Shop.
  7252 | D:10     | Entered Level 10 of the Dungeon
  7262 | D:10     | Reached XP level 11. HP: 93/93 MP: 10/10
  7385 | D:9      | HP: 1/93 [yak (10)]
  7387 | D:9      | Mangled by a yak

Skill      XL: |  1  2  3  4  5  6  7  8  9 10 11 |
---------------+----------------------------------+-----
Unarmed Combat | 4 5 6 8 10 12 13 | 13.9
Dodging        | 3 4 5 6 |  6.3
Fighting       | 3 4 5 |  5.5
Armour         | 2 3 |  3.2

Action                   |  1- 3 |  4- 6 |  7- 9 | 10-12 || total
-------------------------+-------+-------+-------+-------++-------
Melee: Unarmed           |    83 |   126 |   246 |   205 ||   660
       Punch             |       |     4 |     8 |    12 ||    24
Invok: Berserk           |       |     1 |     3 |     2 ||     6
  Use: Potion            |       |       |    14 |     3 ||    17
       Scroll            |       |       |    12 |       ||    12
 Stab: Sleeping          |     1 |       |     1 |       ||     2
  Eat: Chunk             |    18 |     8 |    29 |    24 ||    79
       Ration            |       |       |     1 |       ||     1
Armor: Animal skin       |    32 |    23 |    56 |       ||   111
       Troll leather arm |       |       |    10 |   108 ||   118
Dodge: Dodged            |    37 |    53 |    96 |   159 ||   345
